 Dungeon Crawl Stone Soup version 0.29.1-15-g9cfb28693d (webtiles) character file.

Game seed: 14780160292822732596

20 Mickster the Chopper (level 2, -10/40 HPs)
             Began as a Hill Orc Berserker on May 9, 2023.
             Was a Follower of Trog.
             Mangled by Sigmund
             ... wielding a +5 scythe of protection
              (12 damage)
             ... on level 2 of the Dungeon.
             The game lasted 00:06:27 (899 turns).

Mickster the Chopper (Hill Orc Berserker)            Turns: 899, Time: 00:06:27

Health: -10/40     AC:  2    Str: 19    XL:     2   Next: 79%
Magic:  2/2        EV: 12    Int:  7    God:    Trog [*.....]
Gold:   29         SH:  0    Dex: 10    Spells: 1/1 levels left

rFire   . . .      SeeInvis .   a - +0 hand axe
rCold   . . .      Faith    .   (no shield)
rNeg    . . .      Spirit   .   b - +0 animal skin
rPois   .          Reflect  .   (no helmet)
rElec   .          Harm     .   (no cloak)
rCorr   .          Rampage  .   (no gloves)
Will    .....                   (no boots)
Stlth   ..........              (no amulet)
HPRegen 0.13/turn               (no ring)
MPRegen 0.08/turn               (no ring)

@: berserking (expiring), very quick
A: no striking features
a: Renounce Religion, Berserk


You were on level 2 of the Dungeon.
You worshipped Trog.
Trog was aware of your devotion.
You visited 1 branch of the dungeon, and saw 2 of its levels.

You collected 29 gold pieces.

Inventory:

Hand Weapons
 a - a +0 hand axe (weapon)
Armour
 b - a +0 animal skin (worn)
Scrolls
 c - 2 scrolls of identify
Potions
 d - 2 potions of heal wounds {unknown}
 e - a potion of attraction {unknown}


   Skills:
 + Level 4.2 Fighting
 * Level 4.4 Axes
 + Level 2.3 Armour
 + Level 1.7 Dodging


You had one spell level left.
You didn't know any spells.
Your spell library was empty.

Dungeon Overview and Level Annotations

Branches:
Dungeon (2/15)

Altars:

Annotations:
D:2 Sigmund


Message History

There is an open door here.
Sigmund the Dreaded comes into view.
He is wielding a +5 scythe of protection.
Sigmund shouts!
A red film seems to cover your vision as you go berserk!
You feel yourself moving faster!
You feel mighty!
Sigmund hits you from afar with a +5 scythe of protection.
You feel a strong urge to attack something.
You hit Sigmund.
Sigmund is lightly wounded.
Sigmund hits you with a +5 scythe of protection.
You hit Sigmund.
Sigmund is lightly wounded.
You closely miss Sigmund.
Sigmund is lightly wounded.
You slash Sigmund!
Sigmund is heavily wounded.
Sigmund hits you with a +5 scythe of protection.
You closely miss Sigmund. Your punch misses Sigmund.
Sigmund is heavily wounded.
You hit Sigmund.
Sigmund is severely wounded.
Sigmund hits you with a +5 scythe of protection.
You closely miss Sigmund.
Sigmund is severely wounded.
Sigmund giggles. "Time to reap what you sow."
Sigmund hits you with a +5 scythe of protection!
* * * LOW HITPOINT WARNING * * *
You hit Sigmund.
Sigmund is almost dead.
You barely miss Sigmund.
Sigmund is almost dead.
You closely miss Sigmund.
Sigmund is almost dead.
Sigmund gestures at you while chanting. The magic dart hits you!
* * * LOW HITPOINT WARNING * * *
You barely miss Sigmund.
Sigmund is almost dead.
Sigmund hits you with a +5 scythe of protection!
You die...

##'#........#.##
#####.##.......'...
#.....##.......###.
#.#####.#......# #.
#.....#..#...#.# #.
#.....#...#..### ##
#.....#....###
+.....#....
#.@...#...# #.@...#
#.....# #.....#
#.....# #......
#......# ########


You could see Sigmund.

Vanquished Creatures
  A dart slug (D:1)
  2 ball pythons (D:1)
  A bat (D:1)
  An endoplasm (D:1)
  3 giant cockroaches (D:1)
  4 goblins (D:1)
  A hobgoblin (D:1)
  2 frilled lizards (D:1)
  A kobold (D:1)
  A rat (D:1)
17 creatures vanquished.

Vanquished Creatures (others)
  5 toadstools (D:1)
5 creatures vanquished.

Grand Total: 22 creatures vanquished

Notes
Turn   | Place    | Note
-------+----------+-------------------------------------------
     0 | D:1      | Mickster the Hill Orc Berserker began the quest for the
                  | Orb.
     0 | D:1      | Reached XP level 1. HP: 19/19 MP: 1/1
    87 | D:1      | Reached XP level 2. HP: 12/27 MP: 2/2
   883 | D:2      | Noticed Sigmund
   898 | D:2      | HP: 2/40 [Sigmund/magic dart (9)]
   899 | D:2      | Mangled by Sigmund

Illustrated notes

Levels and vault maps discovered:
D:1:      ldierk_walled_garden, layout_basic, serial_corexii_hall,
          chequers_hall_statues_wall_a, corexii_hall_statues_u
D:2:      layout_basic, ebering_ecumenical_altar_ruins, basic_altar,
          amethyst_killhole, hangedman_decor_slide_cut, mrwooster_statue_mirror,
          uniq_sigmund

Skill      XL: |  1  2 |
---------------+-------+-----
Fighting       | 4 |  4.2
Axes           | |  4.4
Armour         | |  2.3
Dodging        | |  1.7

Action                   || total
-------------------------++-------
Melee: Hand axe          ||    55
Invok: Berserk           ||     1
  Use: Scroll            ||     2
Armor: Animal skin       ||     8
Dodge: Dodged            ||    24
